[Event "Ulm2007"]
[Site "Privat"]
[Date "2007.10.19"]
[Round "3"]
[White "Rissmann, Uli"]
[Black "Sander, Luzia"]
[Result "1-0"]
[ECO "A03"]
[WhiteElo "2059"]
[BlackElo "1908"]
[Annotator "Goda,Frederic"]
[PlyCount "71"]
[EventDate "2007.??.??"]
[TimeControl "30/5400:1800"]

{384MB, Fritz8.ctg, SCHACHCOMP} 1. f4 d5 2. Nf3 Nf6 3. g3 c6 4. Bg2 Bf5 5. d3
Qb6 6. e3 Nbd7 7. Qe2 Bg4 8. h3 Bxf3 9. Bxf3 e5 10. Nc3 Bd6 11. O-O O-O-O 12.
Na4 Qa5 13. b3 Rde8 14. Bd2 Qc7 15. Qg2 h5 16. c4 e4 17. dxe4 dxe4 18. Be2 Qd8
19. b4 Qe7 20. c5 Bc7 21. b5 cxb5 22. Bxb5 a6 23. Bc4 Nb8 24. Qe2 Qd7 25. c6
Qxc6 26. Bb3 Qd7 27. Kg2 Qf5 28. Rac1 Re7 29. Rc5 Qh7 30. Rfc1 Kd8 31. Bb4 Qh6
32. Qc4 Ne8 33. Rd5+ Rd7 34. Qxe4 Nf6 35. Qe7+ Kc8 36. Nb6# 1-0

[Event "Ulm2007"]
[Site "Privat"]
[Date "2007.10.19"]
[Round "3"]
[White "Bühler, Jürgen"]
[Black "Maier, Arnd"]
[Result "0-1"]
[ECO "D15"]
[WhiteElo "1937"]
[BlackElo "2047"]
[Annotator "Goda,Frederic"]
[PlyCount "66"]
[EventDate "2007.??.??"]
[TimeControl "30/5400:1800"]

{384MB, Fritz8.ctg, SCHACHCOMP} 1. c4 c6 2. Nf3 d5 3. d4 Nf6 4. Nc3 a6 5. a4
Bf5 6. e3 Nbd7 7. Be2 h6 8. O-O e6 9. Bd2 Bd6 10. Rc1 O-O 11. Nh4 Bh7 12. f4
dxc4 13. Bxc4 c5 14. Nf3 Rc8 15. d5 Nb6 16. Qb3 exd5 17. Nxd5 Nbxd5 18. Bxd5
Nxd5 19. Qxd5 Qe7 20. Qh5 Rfd8 21. Rfe1 Be4 22. Bc3 Qe6 23. Nh4 Be7 24. f5 Qc6
25. Qg4 f6 26. Ng6 Re8 27. Nf4 Bf8 28. Nh5 Kh8 29. Ng3 Qxa4 30. Rcd1 Bc6 31.
Qg6 Red8 32. Rxd8 Rxd8 33. Nh5 Be8 0-1

[Event "Ulm2007"]
[Site "Privat"]
[Date "2007.10.19"]
[Round "3"]
[White "Hoffart, Alexander"]
[Black "Gallwitz, Helge"]
[Result "0-1"]
[ECO "C44"]
[WhiteElo "1955"]
[BlackElo "2070"]
[Annotator "Goda,Frederic"]
[PlyCount "82"]
[EventDate "2007.??.??"]
[TimeControl "30/5400:1800"]

{384MB, Fritz8.ctg, SCHACHCOMP} 1. e4 e5 2. Nf3 Nc6 3. d4 exd4 4. c3 dxc3 5.
Bc4 cxb2 6. Bxb2 d5 7. Bxd5 Nf6 8. Bxc6+ bxc6 9. Qc2 Bb4+ 10. Nc3 Ba6 11. Nd2
O-O 12. O-O-O Bd3 13. Qa4 Qe7 14. Qxc6 Rab8 15. Nc4 Bxc4 16. Qxc4 Ba3 17. Rd2
Rxb2 18. Rxb2 Rb8 19. Nd1 Qe5 20. Qc2 Qf4+ 21. Kb1 Bxb2 22. Nxb2 Nxe4 23. f3
Nf6 24. Rd1 Qxh2 25. Qb3 c5 26. Qd3 h5 27. Qd6 Qxd6 28. Rxd6 Rb6 29. Rd8+ Kh7
30. Rc8 Nd7 31. Rc7 Ne5 32. Kc2 Rg6 33. Rxc5 Rxg2+ 34. Kc3 Rxb2 35. Rxe5 Rxa2
36. Rxh5+ Kg6 37. Rh3 a5 38. Rg3+ Kf6 39. Kb3 Rf2 40. Ka4 Rb2 41. Kxa5 g5 0-1

[Event "Ulm2007"]
[Site "Privat"]
[Date "2007.10.19"]
[Round "3"]
[White "Schulze, Andreas"]
[Black "Lepschi, Albert"]
[Result "1-0"]
[ECO "B11"]
[WhiteElo "2146"]
[BlackElo "1713"]
[Annotator "Goda,Frederic"]
[PlyCount "47"]
[EventDate "2007.??.??"]
[TimeControl "30/5400:1800"]

{384MB, Fritz8.ctg, SCHACHCOMP} 1. e4 c6 2. Nc3 d5 3. Nf3 Bg4 4. h3 Bh5 5. exd5
cxd5 6. Bb5+ Nc6 7. g4 Bg6 8. Ne5 Rc8 9. d4 e6 10. Qe2 Be7 11. Bxc6+ bxc6 12.
Qa6 Bxc2 13. Nxc6 Qc7 14. Ne5 Nf6 15. Bf4 Qd8 16. Rc1 Bg6 17. O-O O-O 18. Nc6
Qd7 19. Nxe7+ Qxe7 20. Bd6 Qd7 21. Bxf8 Kxf8 22. Nb5 Rc4 23. Rxc4 dxc4 24. Qd6+
1-0

[Event "Ulm2007"]
[Site "Privat"]
[Date "2007.10.19"]
[Round "3"]
[White "Over, Klaus"]
[Black "Heinrich, Klaus"]
[Result "1/2-1/2"]
[ECO "D02"]
[WhiteElo "2000"]
[BlackElo "1806"]
[Annotator "Goda,Frederic"]
[PlyCount "74"]
[EventDate "2007.??.??"]
[TimeControl "30/5400:1800"]

{384MB, Fritz8.ctg, SCHACHCOMP} 1. d4 d5 2. Nf3 e6 3. g3 c6 4. Bg2 Bd6 5. O-O
Nd7 6. b3 Qe7 7. Bb2 f5 8. Nbd2 g5 9. c4 h5 10. h4 gxh4 11. gxh4 Nf8 12. Ne5
Qxh4 13. Qc2 Nh6 14. Ndf3 Qf6 15. cxd5 cxd5 16. Bc1 Rg8 17. Kh1 Ng4 18. Bf4
Bxe5 19. Bxe5 Nxe5 20. dxe5 Qe7 21. Rg1 Bd7 22. Qc7 Qb4 23. a3 Qb5 24. Nd4 Qa6
25. Bf3 Rg4 26. Bxg4 hxg4 27. Qc1 Qb6 28. Qb2 Ng6 29. e3 Kf7 30. Kg2 Bb5 31.
Qc3 Qa6 32. Rh1 Bc6 33. Kg3 Rc8 34. Qb4 f4+ 35. exf4 Qd3+ 36. f3 a5 37. Qd6
Nxf4 1/2-1/2

[Event "Ulm2007"]
[Site "Privat"]
[Date "2007.10.19"]
[Round "3"]
[White "Goda, Frederic"]
[Black "Lachmayer, Manfred"]
[Result "1/2-1/2"]
[ECO "D02"]
[WhiteElo "1600"]
[BlackElo "1900"]
[Annotator "Goda,Frederic"]
[PlyCount "111"]
[EventDate "2007.??.??"]
[TimeControl "30/5400:1800"]

{384MB, Fritz8.ctg, SCHACHCOMP} 1. d4 d5 2. Bf4 Nf6 3. e3 e6 4. Nf3 Be7 5. Bd3
Nbd7 6. Nbd2 c5 7. c3 c4 8. Bc2 Qb6 9. Rb1 Bd6 10. Ne5 Qc7 11. Nxd7 Bxd7 12.
Bxd6 Qxd6 13. Nf3 Bc6 14. Ne5 Nd7 15. Nxd7 Bxd7 16. Qh5 h6 17. Qe5 Qxe5 18.
dxe5 b5 19. a3 O-O 20. O-O a5 21. Ra1 g6 22. Rfd1 Bc6 23. Rd4 b4 24. g3 bxc3
25. bxc3 Rfb8 26. Rdd1 Rb2 27. Rdc1 Rab8 28. Kf1 Kg7 29. Ke1 f6 30. exf6+ Kxf6
31. Rab1 h5 32. Kd1 Bd7 33. Rxb2 Rxb2 34. Rb1 Rxb1+ 35. Bxb1 Ba4+ 36. Kd2 e5
37. f3 g5 38. h4 Bc6 39. hxg5+ Kxg5 40. Bc2 h4 41. f4+ Kg4 42. gxh4 e4 43. h5
Kxh5 44. Ke1 Bd7 45. Kf2 Kh4 46. Bd1 Be8 47. Bc2 Kg4 48. Bd1+ Kh4 49. Bc2 Bh5
50. Ba4 Bg4 51. Bc6 Be6 52. Ba4 Kg4 53. Bd1+ Kh4 54. Ba4 Kg4 55. Bc6 Kh4 56.
Ba4 1/2-1/2

[Event "Ulm2007"]
[Site "Privat"]
[Date "2007.10.19"]
[Round "3"]
[White "Hartmann, Thomas"]
[Black "Klein, Franz"]
[Result "1-0"]
[ECO "A51"]
[WhiteElo "1863"]
[BlackElo "1574"]
[Annotator "Goda,Frederic"]
[PlyCount "87"]
[EventDate "2007.??.??"]
[TimeControl "30/5400:1800"]

{384MB, Fritz8.ctg, SCHACHCOMP} 1. d4 Nf6 2. c4 e5 3. dxe5 Ne4 4. Nf3 b6 5.
Nbd2 Bb4 6. a3 Bxd2+ 7. Bxd2 Nc6 8. Be3 Qe7 9. Qd5 Nc5 10. b4 Nb7 11. g3 Rb8
12. Bh3 h6 13. O-O Nbd8 14. Rfd1 Ne6 15. Nh4 O-O 16. f4 Rd8 17. Qf3 g6 18. Qg4
h5 19. Qf3 Bb7 20. Qf2 Kg7 21. Bg2 Bc8 22. Bxc6 dxc6 23. f5 Kh7 24. fxe6 Bxe6
25. Qf4 Bxc4 26. Qxc4 Rd5 27. Rxd5 cxd5 28. Qxd5 Rd8 29. Qf3 Kg8 30. Qf6 Re8
31. Qxe7 Rxe7 32. Nf3 f6 33. Bd4 fxe5 34. Bxe5 g5 35. Rc1 g4 36. Rxc7 Re6 37.
Rg7+ Kf8 38. Nh4 Rxe5 39. Ng6+ Kxg7 40. Nxe5 Kf6 41. Nc6 a6 42. Nb8 Ke5 43.
Nxa6 Ke4 44. Kf2 1-0

[Event "Ulm2007"]
[Site "Privat"]
[Date "2007.10.19"]
[Round "3"]
[White "Nissl, Michael"]
[Black "Rissmann, Klaus"]
[Result "1/2-1/2"]
[ECO "B06"]
[WhiteElo "1800"]
[BlackElo "1494"]
[Annotator "Goda,Frederic"]
[PlyCount "90"]
[EventDate "2007.??.??"]
[TimeControl "30/5400:1800"]

{384MB, Fritz8.ctg, SCHACHCOMP} 1. e4 g6 2. d4 Bg7 3. Nc3 d5 4. exd5 Nf6 5. Bc4
Nbd7 6. Bg5 O-O 7. Qd2 Nb6 8. Bb3 Nbxd5 9. Nxd5 Nxd5 10. O-O-O Nf6 11. f3 a5
12. h4 b5 13. a4 Bd7 14. Ne2 bxa4 15. Bc4 Qb8 16. h5 Qb4 17. Qxb4 axb4 18. hxg6
hxg6 19. Nf4 e6 20. d5 Rfe8 21. dxe6 Bxe6 22. Bxe6 fxe6 23. Nxg6 Kf7 24. Ne5+
Kg8 25. Bh6 a3 26. Bxg7 Kxg7 27. Kb1 Ra5 28. Nd3 c5 29. Rhe1 Nd5 30. Re4 axb2
31. Kxb2 Nc3 32. Rg4+ Kf6 33. Ra1 Rxa1 34. Kxa1 Ra8+ 35. Kb2 Na4+ 36. Kb3 Ra5
37. Rc4 e5 38. Re4 Nb6 39. Nxe5 Ra3+ 40. Kb2 Na4+ 41. Kc1 Ra1+ 42. Kd2 Nc3 43.
Ng4+ Kf5 44. Re1 Ra6 45. Kd3 Kf4 1/2-1/2

[Event "Ulm 2007"]
[Site "Privat"]
[Date "2007.10.19"]
[Round "3"]
[White "May, Peter"]
[Black "Jahn, Manfred"]
[Result "0-1"]
[ECO "D11"]
[WhiteElo "1432"]
[BlackElo "1682"]
[Annotator "Goda,Frederic"]
[PlyCount "48"]
[EventDate "2007.??.??"]
[TimeControl "30/5400:1800"]

{384MB, Fritz8.ctg, SCHACHCOMP} 1. d4 d5 2. Nf3 c6 3. c4 dxc4 4. a4 b5 5. axb5
cxb5 6. e3 a6 7. Nc3 Bb7 8. b3 b4 9. Na2 cxb3 10. Nxb4 e6 11. Qxb3 Qb6 12. Qa4+
Nc6 13. Nxa6 Bxa6 14. Bxa6 Bb4+ 15. Ke2 Nge7 16. Bb2 O-O 17. Qb5 Qc7 18. Bb7
Rab8 19. Qg5 Rxb7 20. d5 f6 21. Qg4 exd5 22. Qe6+ Rf7 23. Rhc1 Bd6 24. Nd4
Rxb2+ 0-1

[Event "Ulm2007"]
[Site "Privat"]
[Date "2007.10.19"]
[Round "3"]
[White "Stiller, Norbert"]
[Black "Späth, Gerhard"]
[Result "0-1"]
[ECO "D05"]
[WhiteElo "1332"]
[BlackElo "1675"]
[Annotator "Goda,Frederic"]
[PlyCount "74"]
[EventDate "2007.??.??"]
[TimeControl "30/5400:1800"]

{384MB, Fritz8.ctg, SCHACHCOMP} 1. d4 d5 2. Nf3 e6 3. e3 Nf6 4. Bd3 c5 5. c3 c4
6. Bc2 Nc6 7. O-O Be7 8. Nbd2 b5 9. Re1 O-O 10. e4 dxe4 11. Nxe4 Bb7 12. Bg5
Nxe4 13. Bxe7 Nxe7 14. Bxe4 Nd5 15. Qd2 Rb8 16. Ng5 h6 17. Nf3 Qd6 18. Ne5 Nf6
19. Bxb7 Rxb7 20. Re3 Nd7 21. Ng4 Qf4 22. Qe2 Rd8 23. Re4 Qg5 24. f4 Qd5 25.
Re3 Qf5 26. Rf1 Nf6 27. Rg3 Nxg4 28. Rxg4 Rd5 29. Qf3 b4 30. h3 Rdb5 31. Re1
bxc3 32. Qxc3 Qd3 33. Rg3 Qxc3 34. bxc3 Rb2 35. Ra1 Rc2 36. Re3 Rbb2 37. a4
Rxg2+ 0-1

[Event "Ulm2007"]
[Site "Privat"]
[Date "2007.10.19"]
[Round "3"]
[White "von Schwerin, Reinhold"]
[Black "Kühn, Bernd"]
[Result "0-1"]
[ECO "B21"]
[WhiteElo "1331"]
[BlackElo "1634"]
[Annotator "Goda,Frederic"]
[PlyCount "50"]
[EventDate "2007.??.??"]
[TimeControl "30/5400:1800"]

{384MB, Fritz8.ctg, SCHACHCOMP} 1. e4 c5 2. d4 cxd4 3. c3 dxc3 4. Nxc3 Nc6 5.
Bc4 Nf6 6. Nf3 d6 7. Ng5 e6 8. O-O h6 9. Nf3 Be7 10. Be3 O-O 11. Qd2 Ng4 12.
Rfe1 Nxe3 13. Rxe3 a6 14. a4 Qc7 15. Rc1 Bd7 16. Bb3 Qb6 17. Ne2 Rac8 18. Ba2
Qb4 19. Qd1 Qxb2 20. Rb3 Qf6 21. Rxb7 Nb8 22. e5 Rxc1 23. Nxc1 dxe5 24. Rxd7
Nxd7 25. Qxd7 Rd8 0-1

[Event "Ulm2007"]
[Site "Privat"]
[Date "2007.10.19"]
[Round "3"]
[White "Rix, Michael"]
[Black "Hörsch, Florian"]
[Result "1-0"]
[ECO "D05"]
[WhiteElo "1617"]
[BlackElo "1013"]
[Annotator "Goda,Frederic"]
[PlyCount "35"]
[EventDate "2007.??.??"]
[TimeControl "30/5400:1800"]

{384MB, Fritz8.ctg, SCHACHCOMP} 1. d4 d5 2. Nf3 Nf6 3. e3 e6 4. Bd3 c5 5. c3 Bd6 6. O-O O-O 7. Nbd2 Nc6
8. Re1 Re8 9. dxc5 Bxc5 10. e4 d4 11. cxd4 Nxd4 12. e5 Nd5 13. Nxd4 Bxd4 14.
Nf3 Bc5 15. Bxh7+ Kxh7 16. Ng5+ Kg8 17. Qh5 g6 18. Qh7+ 1-0

[Event "Ulm2007"]
[Site "Privat"]
[Date "2007.10.19"]
[Round "3"]
[White "Kelemen, Norbert"]
[Black "Smolny, Frieder"]
[Result "0-1"]
[ECO "B44"]
[WhiteElo "1542"]
[BlackElo "1928"]
[Annotator "Goda,Frederic"]
[PlyCount "40"]
[EventDate "2007.??.??"]
[TimeControl "30/5400:1800"]

{384MB, Fritz8.ctg, SCHACHCOMP} 1. e4 c5 2. Nf3 e6 3. d4 cxd4 4. Nxd4 Nc6 5.
Be3 Qc7 6. a3 Nf6 7. Nc3 a6 8. Qd2 Be7 9. Be2 O-O 10. O-O d6 11. Rad1 Na5 12.
Qd3 Bd7 13. f4 Rac8 14. Bc1 Nc4 15. Na2 e5 16. Nf5 Bxf5 17. exf5 Qb6+ 18. Kh1
Nxb2 19. Bxb2 Qxb2 20. Nb4 Rc3 0-1

[Event "Ulm2007"]
[Site "Privat"]
[Date "2007.10.19"]
[Round "3"]
[White "Fischer, Heidi"]
[Black "Zahn, Achim"]
[Result "0-1"]
[ECO "A13"]
[WhiteElo "1479"]
[BlackElo "1488"]
[Annotator "Goda,Frederic"]
[PlyCount "66"]
[EventDate "2007.??.??"]
[TimeControl "30/5400:1800"]

{384MB, Fritz8.ctg, SCHACHCOMP} 1. c4 e6 2. Nf3 Nf6 3. g3 d5 4. e3 Bd6 5. d4 c6
6. Nc3 O-O 7. a3 Qc7 8. c5 Be7 9. Ne5 Nbd7 10. f4 a5 11. Bd3 b6 12. Na4 bxc5
13. Nxd7 Nxd7 14. Bb1 cxd4 15. Qxd4 e5 16. Qc3 Bf6 17. Qc2 e4 18. Nc3 Nc5 19.
Ra2 Nd3+ 20. Kd2 Rd8 21. b3 Bg4 22. h3 Bf3 23. Rh2 Qa7 24. Ne2 Rac8 25. g4 Bxe2
26. Rxe2 c5 27. g5 Be7 28. Kd1 c4 29. b4 Nxc1 30. Kxc1 d4 31. Qxe4 d3 32. Re1
c3 33. Bc2 d2+ 0-1

[Event "Ulm2007"]
[Site "Privat"]
[Date "2007.10.19"]
[Round "3"]
[White "Loos, Tobias"]
[Black "Krauß, Rainer"]
[Result "1-0"]
[ECO "A01"]
[WhiteElo "1352"]
[BlackElo "1708"]
[Annotator "Goda,Frederic"]
[PlyCount "109"]
[EventDate "2007.??.??"]
[TimeControl "30/5400:1800"]

{384MB, Fritz8.ctg, SCHACHCOMP} 1. b3 e5 2. Bb2 Nc6 3. c4 Nf6
4. Nf3 e4 5. Nd4 Bc5 6. Nxc6 dxc6 7. e3 O-O 8. d4 exd3 9. Bxd3 Bg4 10. Qc2 Bb4+
11. Nc3 Bh5 12. O-O Bg6 13. Bxg6 fxg6 14. Rfd1 Qe7 15. a3 Bxc3 16. Bxc3 Ng4 17.
Rd2 Rad8 18. Rxd8 Qxd8 19. Rf1 Qd6 20. g3 Qxa3 21. h3 Nh6 22. Ra1 Qc5 23. Qb2
Rf7 24. Bd4 Qh5 25. Rxa7 Qxh3 26. Ra8+ Rf8 27. Rxf8+ Kxf8 28. Bxg7+ Kg8 29. Bh8
Qd7 30. Qf6 Nf5 31. e4 Nd6 32. f3 Ne8 33. Qa1 Qd3 34. Qc3 Qd1+ 35. Kf2 Kf7 36.
e5 Qd7 37. g4 Qd8 38. Kg3 h5 39. gxh5 Qg5+ 40. Kf2 Qxh5 41. Bf6 Nxf6 42. exf6
Qh4+ 43. Ke3 Qxf6 44. Qa5 Qe7+ 45. Kd4 Kf6 46. f4 Qd6+ 47. Ke4 Qe6+ 48. Kd4
Qd6+ 49. Ke4 c5 50. Qc3+ Ke6 51. Qg7 Qc6+ 52. Ke3 Kf5 53. Qe5+ Kg4 54. Qg5+ Kh3
55. Kf2 1-0

[Event "Ulm2007"]
[Site "Privat"]
[Date "2007.10.19"]
[Round "3"]
[White "Haitov, Haim"]
[Black "Huppertz, Anton"]
[Result "0-1"]
[ECO "A01"]
[WhiteElo "1430"]
[BlackElo "1316"]
[Annotator "Goda,Frederic"]
[PlyCount "44"]
[EventDate "2007.??.??"]
[TimeControl "30/5400:1800"]

{384MB, Fritz8.ctg, SCHACHCOMP} 1. b3 e5 2. Bb2 Nc6 3. e4 a6 4. a4 Bc5 5. Nf3
d6 6. c3 Nf6 7. d4 exd4 8. cxd4 Bb4+ 9. Nbd2 Nxe4 10. Qc2 d5 11. Bd3 Bf5 12.
O-O O-O 13. Rfe1 Bxd2 14. Nxd2 Nb4 15. Qd1 Nxd3 16. Ba3 Re8 17. Rf1 Nxd2 18.
Qxd2 Qf6 19. Qc3 c6 20. Rad1 Qg6 21. Bc1 Nxc1 22. Rxc1 Re2 0-1

[Event "Ulm2007"]
[Site "Privat"]
[Date "2007.10.19"]
[Round "3"]
[White "Pletz, Bernd"]
[Black "Ziad, Amar"]
[Result "1-0"]
[ECO "B20"]
[WhiteElo "1311"]
[BlackElo "1378"]
[Annotator "Goda,Frederic"]
[PlyCount "85"]
[EventDate "2007.??.??"]
[TimeControl "30/5400:1800"]

{384MB, Fritz8.ctg, SCHACHCOMP} 1. e4 c5 2. d3 Nc6 3. Nf3 d6 4. Be2 Nf6 5. Nc3
g6 6. O-O Bg7 7. a3 O-O 8. Bg5 Rb8 9. Qd2 Re8 10. Bh6 Bh8 11. h4 Bg4 12. Nh2
Bxe2 13. Nxe2 Qd7 14. c3 Ne5 15. f3 b5 16. g4 c4 17. d4 Nxf3+ 18. Rxf3 Nxe4 19.
Qf4 Qe6 20. Raf1 Nf6 21. R1f2 Qe4 22. g5 Qxf4 23. Rxf4 Nd5 24. Rxf7 Ne3 25. Ng3
Rbd8 26. R7f3 Nd5 27. Nhf1 e5 28. dxe5 dxe5 29. Ne4 Nf4 30. Nf6+ Bxf6 31. gxf6
Kf7 32. Bxf4 exf4 33. Rxf4 Rd6 34. Ng3 h5 35. Ne4 Rdd8 36. Ng5+ Kf8 37. Nh7+
Kf7 38. Ng5+ Kf8 39. f7 Re7 40. Nh7+ Kg7 41. f8=Q+ Rxf8 42. Rxf8 Kxh7 43. R8f7+
1-0

[Event "Ulm2007"]
[Site "Privat"]
[Date "2007.09.28"]
[Round "2"]
[White "Späth, Gerhard"]
[Black "Hörsch, Heiner"]
[Result "0-1"]
[ECO "B80"]
[WhiteElo "1675"]
[BlackElo "2016"]
[Annotator "Goda,Frederic"]
[PlyCount "62"]
[EventDate "2007.??.??"]
[TimeControl "40/7200:0"]

{384MB, Fritz8.ctg, SCHACHCOMP} 1. e4 c5 2. Nf3 d6 3. d4 cxd4 4. Nxd4 Nf6 5.
Nc3 Nc6 6. Be3 a6 7. Qd2 e6 8. f3 Be7 9. O-O-O Qc7 10. Kb1 Bd7 11. g4 O-O 12.
h4 b5 13. Nxc6 Bxc6 14. Bd3 b4 15. Ne2 d5 16. Nd4 dxe4 17. Nxc6 Qxc6 18. fxe4
Nxe4 19. Qe1 Rad8 20. h5 Rd7 21. Rg1 Nc5 22. Be2 Rxd1+ 23. Qxd1 Rd8 24. Qf1 Qe4
25. Qf2 a5 26. Rf1 f6 27. g5 Na4 28. Bb5 Nxb2 29. Bc5 Nd1 30. Rxd1 Rxd1+ 31.
Kb2 Qe5+ 0-1

[Event "Ulm2007"]
[Site "Privat"]
[Date "2007.10.26"]
[Round "3"]
[White "Geutebrück, Sebastian"]
[Black "Schmidt, Waldemar"]
[Result "1-0"]
[ECO "D05"]
[WhiteElo "1928"]
[BlackElo "1603"]
[Annotator "Goda,Frederic"]
[PlyCount "51"]
[EventDate "2007.??.??"]
[TimeControl "40/7200:0"]

{384MB, Fritz8.ctg, SCHACHCOMP} 1. d4 Nf6 2. Nf3 e6 3. e3 d5 4. Bd3 Bd6 5. Nbd2
Nbd7 6. e4 dxe4 7. Nxe4 Nxe4 8. Bxe4 Nf6 9. Qe2 Nxe4 10. Qxe4 c5 11. Be3 Qe7
12. O-O h6 13. dxc5 Bxc5 14. Qe5 Bxe3 15. Qxg7 Bxf2+ 16. Rxf2 Qf8 17. Qf6 Rh7
18. Ne5 Qe7 19. Raf1 Qxf6 20. Rxf6 Bd7 21. Nxd7 Kxd7 22. Rxf7+ Rxf7 23. Rxf7+
Kd6 24. Rxb7 Rf8 25. Rb3 Kd5 26. Rf3 1-0

[Event "Ulm2007"]
[Site "Privat"]
[Date "2007.11.02"]
[Round "4"]
[White "Rissmann, Uli"]
[Black "Wolf, Rainer"]
[Result "1-0"]
[ECO "B06"]
[WhiteElo "2059"]
[BlackElo "1989"]
[Annotator "Goda,Frederic"]
[PlyCount "67"]
[EventDate "2007.??.??"]
[TimeControl "40/5400+30:0"]

{384MB, Fritz8.ctg, SCHACHCOMP} 1. e4 d6 2. d4 g6 3. Nc3 Bg7 4. Be3 c6 5. Qd2
b5 6. h4 h5 7. f3 a6 8. Nh3 Nh6 9. Be2 Nd7 10. g4 hxg4 11. fxg4 Nb6 12. Nf2 Nc4
13. Bxc4 bxc4 14. Qe2 Qb6 15. g5 Ng8 16. Qxc4 Be6 17. Qa4 Bd7 18. Qb3 Qa7 19.
O-O-O Rb8 20. Qa3 Bf8 21. Ne2 e6 22. c4 d5 23. c5 f5 24. exf5 exf5 25. Bf4 Rc8
26. Be5 Rh7 27. Nf4 Ne7 28. h5 Bg7 29. hxg6 Rxh1 30. Rxh1 Bxe5 31. dxe5 Kf8 32.
e6 Be8 33. Qc3 Ng8 34. Rh7 1-0

[Event "Ulm2007"]
[Site "Privat"]
[Date "2007.11.02"]
[Round "4"]
[White "Gallwitz, Helge"]
[Black "Locher, Klaus"]
[Result "1-0"]
[ECO "B41"]
[WhiteElo "2070"]
[BlackElo "1816"]
[Annotator "Goda,Frederic"]
[PlyCount "41"]
[EventDate "2007.??.??"]
[TimeControl "40/5400+30:0"]

{384MB, Fritz8.ctg, SCHACHCOMP} 1. e4 c5 2. Nf3 e6 3. d4 cxd4 4. Nxd4 a6 5. g3
Nf6 6. Bg2 Qc7 7. O-O d6 8. a4 Be7 9. a5 Nbd7 10. Be3 Rb8 11. g4 h6 12. f4 Nh7
13. Ra3 b6 14. Rc3 Qb7 15. Nc6 Ra8 16. Nxe7 Kxe7 17. axb6 Qb8 18. Rc7 Nhf6 19.
e5 Ne8 20. exd6+ Nxd6 21. Bc5 1-0

[Event "Ulm2007"]
[Site "Privat"]
[Date "2007.11.02"]
[Round "4"]
[White "Lainburg, Viktor"]
[Black "Hörsch, Heiner"]
[Result "0-1"]
[ECO "A45"]
[WhiteElo "2010"]
[BlackElo "2016"]
[Annotator "Goda,Frederic"]
[PlyCount "66"]
[EventDate "2007.??.??"]
[TimeControl "40/5400+30:0"]

{384MB, Fritz8.ctg, SCHACHCOMP} 1. d4 Nf6 2. Bg5 g6 3. Bxf6 exf6 4. e4 Bg7 5.
Bd3 O-O 6. Nf3 d5 7. O-O dxe4 8. Bxe4 f5 9. Bd3 Bxd4 10. Nxd4 Qxd4 11. Nc3 c6
12. Re1 Be6 13. Qf3 Nd7 14. Qg3 Nf6 15. Rad1 Qb4 16. Qg5 Kg7 17. Qc1 Rad8 18.
a3 Qh4 19. h3 f4 20. Bf1 Nd5 21. Ne4 Nf6 22. Nc5 Bxh3 23. Nxb7 Rxd1 24. Qxd1
Bc8 25. f3 Bxb7 26. Re7 Ng4 27. Qd4+ Kg8 28. fxg4 Qxe7 29. Qxf4 c5 30. Bc4 Qe1+
31. Kh2 Qe4 32. Qf1 Qxg4 33. Qf2 Qxc4 0-1

[Event "Ulm2007"]
[Site "Privat"]
[Date "2007.11.02"]
[Round "4"]
[White "Oberst, Thomas"]
[Black "Heinrich, Klaus"]
[Result "1-0"]
[ECO "A90"]
[WhiteElo "2263"]
[BlackElo "1806"]
[Annotator "Goda,Frederic"]
[PlyCount "85"]
[EventDate "2007.??.??"]
[TimeControl "40/5400+30:0"]

{384MB, Fritz8.ctg, SCHACHCOMP} 1. c4 f5 2. g3 Nf6 3. Bg2 c6 4. Nf3 e6 5. d4 d5
6. c5 Nbd7 7. O-O Ne4 8. b4 g5 9. Ne1 h6 10. f3 Nef6 11. e4 Bg7 12. e5 Ng8 13.
Nc3 h5 14. Nd3 Nf8 15. Bd2 Ng6 16. b5 g4 17. fxg4 hxg4 18. bxc6 bxc6 19. Qa4
N8e7 20. Rab1 Bh6 21. Bxh6 Rxh6 22. Rf2 Kf7 23. Ne2 a5 24. Ndf4 Nxf4 25. Nxf4
Ba6 26. Bf1 Bxf1 27. Kxf1 Ra7 28. Kg1 Rh8 29. Rb6 Qc7 30. Rfb2 Rha8 31. Qc2 Nc8
32. a4 Ne7 33. Qb1 Qc8 34. Qc1 Rc7 35. h4 Qh8 36. Rb7 Qc8 37. Rxc7 Qxc7 38. Nh5
Rb8 39. Qh6 Rg8 40. Qf6+ Ke8 41. Qxe6 Kd8 42. Nf6 Rg7 43. Rb8+ 1-0

[Event "Ulm2007"]
[Site "Privat"]
[Date "2007.11.02"]
[Round "4"]
[White "Gebhardt, Uwe"]
[Black "Späth, Gerhard"]
[Result "1-0"]
[ECO "D50"]
[WhiteElo "1995"]
[BlackElo "1675"]
[Annotator "Goda,Frederic"]
[PlyCount "95"]
[EventDate "2007.??.??"]
[TimeControl "40/5400+30:0"]

{384MB, Fritz8.ctg, SCHACHCOMP} 1. d4 d5 2. c4 e6 3. Nc3 Nf6 4. Bg5 h6 5. Bh4
dxc4 6. e3 a6 7. Bxc4 b5 8. Bd3 Bb7 9. Nf3 Be7 10. O-O O-O 11. Qe2 Nbd7 12.
Rfd1 Nb6 13. Rac1 b4 14. Bxf6 Bxf6 15. Ne4 Be7 16. Nc5 Bxc5 17. Rxc5 Qd6 18.
Rdc1 Rfc8 19. Ne5 f6 20. Nc4 Nxc4 21. Bxc4 Bd5 22. Bxd5 exd5 23. Rc6 Qd8 24.
R1c5 a5 25. Qh5 a4 26. Rxd5 Qe7 27. Qf5 b3 28. a3 Rd8 29. Rxd8+ Rxd8 30. Qa5
Qe4 31. Rc1 Rd5 32. Qxa4 c5 33. Qxb3 cxd4 34. exd4 Qxd4 35. h3 Kh7 36. Qc2+ f5
37. b4 Qf4 38. Re1 Rd2 39. Qc5 Kg6 40. Qe3 Qxe3 41. Rxe3 f4 42. Rb3 Kf5 43. b5
g5 44. b6 Rd8 45. b7 Rb8 46. a4 h5 47. a5 g4 48. a6 1-0

[Event "Ulm2007"]
[Site "Privat"]
[Date "2007.11.02"]
[Round "4"]
[White "Sander, Luzia"]
[Black "Rix, Michael"]
[Result "1-0"]
[ECO "E12"]
[WhiteElo "1908"]
[BlackElo "1617"]
[Annotator "Goda,Frederic"]
[PlyCount "71"]
[EventDate "2007.??.??"]
[TimeControl "40/5400+30:0"]

{384MB, Fritz8.ctg, SCHACHCOMP} 1. d4 Nf6 2. Nf3 e6 3. c4 b6 4. Nc3 Bb7 5. Bf4
Bb4 6. Qb3 a5 7. a3 Bxc3+ 8. Qxc3 Ne4 9. Qc2 Na6 10. e3 O-O 11. Bd3 d5 12. Bxe4
dxe4 13. Ng5 h6 14. Nxe4 f5 15. Nc3 Bxg2 16. Rg1 Bf3 17. Bxh6 Rf7 18. Bg5 Qd7
19. Rg3 Bh5 20. Ne2 c5 21. Nf4 g6 22. Nxh5 gxh5 23. Bf6+ Kf8 24. Be5 cxd4 25.
exd4 Rc8 26. b3 Nb8 27. Qd2 Rh7 28. Qg5 Qf7 29. O-O-O Nc6 30. Bd6+ Ke8 31. d5
Nd8 32. dxe6 Nxe6 33. Qg8+ Nf8 34. Re3+ Kd7 35. Bxf8+ Kc6 36. Qg2+ 1-0

[Event "Ulm2007"]
[Site "Privat"]
[Date "2007.11.02"]
[Round "4"]
[White "Jahn, Manfred"]
[Black "Hoffart, Alexander"]
[Result "0-1"]
[ECO "A51"]
[WhiteElo "1682"]
[BlackElo "1955"]
[Annotator "Goda,Frederic"]
[PlyCount "92"]
[EventDate "2007.??.??"]
[TimeControl "40/5400+30:0"]

{384MB, Fritz8.ctg, SCHACHCOMP} 1. d4 Nf6 2. c4 e5 3. e3 exd4 4. exd4 Bb4+ 5.
Bd2 Bxd2+ 6. Nxd2 O-O 7. Ngf3 Re8+ 8. Be2 Qe7 9. Rc1 d6 10. Rc3 d5 11. Re3 Qd8
12. Rxe8+ Qxe8 13. O-O Be6 14. Re1 Nc6 15. Qb3 Qc8 16. cxd5 Bxd5 17. Bc4 Na5
18. Qc3 Nxc4 19. Nxc4 c6 20. b3 Qc7 21. Ncd2 h6 22. Qe3 Re8 23. Qd3 Rxe1+ 24.
Nxe1 Qa5 25. a4 Qb4 26. Nc2 Qd6 27. Qg3 Qe6 28. Qe3 Qf5 29. Ne1 Be6 30. Qe5
Qxe5 31. dxe5 Nd7 32. Nef3 Nc5 33. Nd4 Bd5 34. g3 Nd3 35. f4 c5 36. Nf5 Kf8 37.
Ne3 Be6 38. f5 Bd7 39. Nec4 b5 40. axb5 Bxb5 41. Kf1 Ke7 42. Kg2 g6 43. g4 gxf5
44. gxf5 Bd7 45. Ne3 Nxe5 46. Ne4 Bc6 0-1

[Event "Ulm2007"]
[Site "Privat"]
[Date "2007.11.02"]
[Round "4"]
[White "Förderreuther, Jonas"]
[Black "Bühler, Jürgen"]
[Result "0-1"]
[ECO "B08"]
[WhiteElo "1493"]
[BlackElo "1937"]
[Annotator "Goda,Frederic"]
[PlyCount "40"]
[EventDate "2007.??.??"]
[TimeControl "40/5400+30:0"]

{384MB, Fritz8.ctg, SCHACHCOMP} 1. e4 d6 2. d4 g6 3. Nf3 Bg7 4. Nc3 Nf6 5. Bd3
O-O 6. Be3 Nbd7 7. h3 c5 8. dxc5 Nxc5 9. e5 Nxd3+ 10. Qxd3 Bf5 11. Qd2 dxe5 12.
Nxe5 Ne4 13. Nxe4 Bxe4 14. Qxd8 Rfxd8 15. Nf3 Bxc2 16. Rc1 Rac8 17. O-O Bxb2
18. Rce1 Bd3 19. Bxa7 Bxf1 20. Kxf1 Rc1 0-1